 Dungeon Crawl Stone Soup version 0.29-a0-330-g52719c12eb (webtiles) character file.

Game seed: 7565183685436674773

111 kae the Firebug (level 4, 0/25 HPs)
             Began as a Tengu Fire Elementalist on Apr 14, 2022.
             Slain by an orc
             ... wielding a +0 whip
              (3 damage)
             ... on level 2 of the Dungeon.
             The game lasted 00:00:56 (2123 turns).

kae the Firebug (Tengu Fire Elementalist)           Turns: 2123, Time: 00:00:57

Health: 0/25       AC:  3    Str:  9    XL:     4   Next: 92%
Magic:  3/8        EV: 17    Int: 17    God:
Gold:   83         SH:  0    Dex: 14    Spells: 2/8 levels left

rFire   . . .      SeeInvis .   (no weapon)
rCold   . . .      Faith    .   (no shield)
rNeg    . . .      Spirit   .   a - +1 robe
rPois   .          Reflect  .   (helmet restricted)
rElec   .          Harm     .   (no cloak)
rCorr   .          Rampage  .   (no gloves)
Will    .....                   (boots unavailable)
Stlth   ++........              (no amulet)
HPRegen 0.08/turn               c - +4 ring of evasion
MPRegen 0.11/turn               (no ring)

@: no status effects
A: beak, talons 3
a: no special abilities


You were on level 2 of the Dungeon.
You visited 1 branch of the dungeon, and saw 3 of its levels.

You collected 83 gold pieces.

Inventory:

Armour
 a - a +1 robe (worn)
Jewellery
 c - a +4 ring of evasion (left hand)
 e - a ring of fire
Scrolls
 d - a scroll of enchant armour
 f - a scroll of teleportation
 g - a scroll of identify
Potions
 b - a potion of magic
 h - a potion of lignification {unknown}
 i - a potion of might {unknown}
 j - a potion of curing {unknown}


   Skills:
 + Level 1.3 Fighting
 + Level 3.0 Dodging
 - Level 2.0 Stealth
 + Level 2.6 Spellcasting
 + Level 2.6 Conjurations
 * Level 4.3 Fire Magic


You had 2 spell levels left.
You knew the following spells:

 Your Spells              Type           Power      Damage    Failure   Level
a - Foxfire               Conj/Fire      56%        2x1d6     4%          1
b - Scorch                Fire           34%        2d6       4%          2
c - Conjure Flame         Conj/Fire      14%        6-21      13%         3

Your spell library contained the following spells:

 Spells                   Type           Power      Damage    Failure   Level
 Inner Flame              Hex/Fire       9%         N/A       22%         3
 Flame Wave               Conj/Fire      14%        2d6       41%         4


Dungeon Overview and Level Annotations

Branches:
Dungeon (3/15)

Altars:


Innate Abilities, Weirdness & Mutations

You have a beak for a mouth.
You have claws for feet.


Message History

Flames lash the orc.
The orc is lightly wounded.
The orc's fire resistance burns away.
The orc misses you. The orc hits you with a +0 club. The orc barely misses you.
The orc barely misses you. The orc hits you with a +0 club.
The orc hits you with a +0 whip.
Casting: Scorch (safe; 4% risk of failure)
Confirm with . or Enter, or press ? or * to list all spells.
You conjure some foxfire!
The orc is no longer more vulnerable to fire.
The orc barely misses you. The orc misses you. The orc closely misses you.
The foxfire hits the orc.
The orc is moderately wounded.
The foxfire hits the orc but does no damage.
The orc closely misses you. x2; The orc hits you but does no damage.
Casting: Foxfire (safe; 4% risk of failure)
Confirm with . or Enter, or press ? or * to list all spells.
You conjure some foxfire!
The orc misses you. The orc hits you with a +0 club. The orc misses you.
The foxfire hits the orc.
The orc is severely wounded.
The foxfire hits the orc.
The orc is heavily wounded.
The orc barely misses you. The orc hits you with a +0 whip.
The orc hits you but does no damage.
Casting: Foxfire (safe; 4% risk of failure)
Confirm with . or Enter, or press ? or * to list all spells.
You conjure some foxfire!
The orc closely misses you. The orc misses you. The orc barely misses you.
The foxfire hits the orc.
You kill the orc!
The foxfire hits the orc.
The orc is heavily wounded.
The orc hits you with a +0 flail!
* * * LOW HITPOINT WARNING * * *
The orc completely misses you.
Casting: Foxfire (safe; 4% risk of failure)
Confirm with . or Enter, or press ? or * to list all spells.
You conjure some foxfire!
The orc misses you. The orc hits you with a +0 whip.
You die...

##.###...#
#.#................... #.#
#.### #.#....###.#..#.#.##..
##.###.#
##...#####.#..#.#.##..
.....[.#
#..............#.##..
.###.###
#...#######.#.##.##..
####>### #...# #......##.#
#......# #...#
####.........# .#.###.#
#..v####.......###... ##.#
#.######...@v...##.#.[# #...
##.###.........o)o....#.#..#
#...
#......................#..#
#...
####.##...............###..#
##..
###..########........###...#
#.. .#.#.# #...####.......#
#.. ...#.# ####..(##
##.##.#.# ### ####.#
#.......# #.##.#.######
..##.# #.##....#
#.##.).......


You could see 2 orcs.

Vanquished Creatures
  A scorpion (D:2)
  3 worms (D:2)
  2 dart slugs (D:1)
  An orc (D:2)
  3 bats (D:1)
  4 endoplasms
  2 goblins
  6 hobgoblins
  2 quokkas (D:1)
  5 ball pythons
  2 frilled lizards (D:2)
  3 kobolds (D:2)
  5 rats
39 creatures vanquished.

Vanquished Creatures (others)
  160 foxfires
160 creatures vanquished.

Grand Total: 199 creatures vanquished

Notes
Turn   | Place    | Note
-------+----------+-------------------------------------------
     0 | D:1      | kae the Tengu Fire Elementalist began the quest for the
                  | Orb.
     0 | D:1      | Reached XP level 1. HP: 10/10 MP: 4/4
   160 | D:1      | Reached XP level 2. HP: 15/15 MP: 4/6
   188 | D:1      | Learned a level 2 spell: Scorch
   833 | D:1      | Reached XP level 3. HP: 20/20 MP: 4/7
   893 | D:1      | Found a faded altar of an unknown god.
  1858 | D:2      | Noticed a scorpion
  1868 | D:2      | Killed a scorpion
  1869 | D:2      | Reached skill level 1 in Fighting
  1869 | D:2      | Reached skill level 4 in Fire Magic
  1869 | D:2      | Reached XP level 4. HP: 20/25 MP: 3/8
  2097 | D:2      | Learned a level 3 spell: Conjure Flame
  2123 | D:2      | Slain by an orc

Illustrated notes

Levels and vault maps discovered:
D:1:      heliophobic_arrival_henge, layout_rooms,
          hellmonk_ecumenical_altar_prayer_group, hex_intersection
D:2:      layout_loops_cross
D:3:      layout_loops_ring, ashenzari_conservatory_becter, minitemple,
          grunt_ministairs_7, uniq_natasha, uniq_ijyb

Skill      XL: |  1  2  3 |
---------------+----------+-----
Conjurations   | 2 |  2.6
Fighting       | 1 |  1.3
Dodging        | 3 |  3.0
Fire Magic     | 4 |  4.3
Stealth        | |  2.0
Spellcasting   | |  2.6

Action                   |  1- 3 |  4- 6 || total
-------------------------+-------+-------++-------
Melee: Unarmed           |     9 |       ||     9
       Kick              |     3 |       ||     3
       Peck              |     4 |       ||     4
 Cast: Foxfire           |    90 |     8 ||    98
       Scorch            |       |     1 ||     1
  Use: Scroll            |     3 |       ||     3
Armor: Robe              |     4 |     2 ||     6
Dodge: Dodged            |    15 |    19 ||    34

Table legend: (Time is in decaauts)
 A = Elapsed time spent in this place.
 B = Non-inter-level travel time spent in this place.
 C = Inter-level travel time spent in this place.
 D = Time resting spent in this place.
 E = Time spent auto-exploring this place.
 F = Levels seen in this place.
 G = Mean time per level.
                   A        B        C        D        E       F      G
               +--------+--------+--------+--------+--------+-----+--------+
         Total |   2123 |   2089 |     34 |      0 |   1797 |   3 |  707.7 |
       Dungeon |   2123 |   2089 |     34 |      0 |   1797 |   3 |  707.7 |
               +--------+--------+--------+--------+--------+-----+--------+

Top non-repeatable levels by time:
     D:1: 1131 daAuts
     D:2: 990 daAuts
     D:3: 1 daAuts
